 Dungeon Crawl Stone Soup version 0.31.0-1-g2c135a008e (webtiles) character file.

Game seed: 18437747346724786091

12 Eitelfritz the Magician (level 2, 0/19 HPs)
             Began as a Demonspawn Hedge Wizard on Jan 19, 2024.
             Succumbed to an adder's poison
             ... on level 2 of the Dungeon on Jan 20, 2024.
             The game lasted 00:02:29 (660 turns).

Eitelfritz the Magician (Demonspawn Hedge Wizard)    Turns: 660, Time: 00:02:29

Health: 0/19       AC:  3    Str: 10    XL:     2   Next: 20%
Magic:  3/6        EV: 12    Int: 14    God:
Gold:   51         SH:  0    Dex: 12    Spells: 0/7 levels left

rFire   . . .        a - +0 dagger
rCold   . . .        (no shield)
rNeg    + . .        b - +0 robe
rPois   .            c - +0 hat
rElec   .            g - +0 cloak
rCorr   .            (no gloves)
SInv    .            (no boots)
Will    .....        (no amulet)
Stlth   ++           i - ring of positive energy
HPRegen 0.23/turn    (no ring)
MPRegen 0.10/turn

%: no passive effects
@: lethally poisoned (0 -> -3)
A: sturdy frame 1
a: no special abilities


You were on level 2 of the Dungeon.
You visited 1 branch of the dungeon, and saw 2 of its levels.

You collected 51 gold pieces.

Inventory:

Hand Weapons
 a - a +0 dagger (weapon)
Missiles
 h - 5 atropa-tipped darts
Armour
 b - a +0 robe (worn)
 c - a +0 hat (worn)
 g - a +0 cloak (worn)
Jewellery
 i - a ring of positive energy (left hand)
Scrolls
 e - a scroll of identify {unknown}
 f - a scroll of poison {unknown}
 j - a scroll of teleportation {unknown}
 k - a scroll of fog {unknown}
 l - a scroll of fear {unknown}
Potions
 d - a potion of magic


   Skills:
 + Level 1.9 Dodging
 + Level 1.9 Stealth
 + Level 3.4 Spellcasting
 + Level 1.0 Conjurations
 + Level 1.0 Summonings
 + Level 0.8 Translocations


You couldn't memorise any spells.
You knew the following spells:

 Your Spells              Type           Power      Damage    Failure   Level
a - Magic Dart            Conj           20%        1d4       14%         1
b - Slow                  Hex            8%         N/A       21%         1
c - Call Imp              Summ           10%        N/A       21%         2
d - Blink                 Tloc           8%         N/A       22%         2
e - Kiss of Death         Conj/Necr      12%        2d6       17%         1

Your spell library contained the following spells:

 Spells                   Type           Power      Damage    Failure   Level
 Cigotuvi's Dreadful Rot  Necr/Alch/Air  4%         N/A       30%         2
 Mephitic Cloud           Conj/Alch/Air  3%         N/A       47%         3
 Confusing Touch          Hex            2%         N/A       52%         3
 Dispel Undead            Necr           2%         3d7       90%         4


Dungeon Overview and Level Annotations

Branches:
Dungeon (2/15)

Altars:


Innate Abilities, Weirdness & Mutations

Your movements are slightly less encumbered by armour. (ER -2)


Message History

The adder bites you but does no damage. x2
You hit the adder but do no damage.
The adder is lightly wounded.
The adder bites you.
You are poisoned.
The adder poisons you!
You barely miss the adder.
The adder is lightly wounded.
You feel sick. The adder closely misses you.
You hit the adder.
The adder is moderately wounded.
You feel sick. The adder closely misses you. The adder bites you.
You hit the adder but do no damage.
The adder is moderately wounded.
You feel sick. The adder bites you but does no damage.
You closely miss the adder.
The adder is moderately wounded.
You feel sick. The adder bites you but does no damage.
You hit the adder but do no damage.
The adder is moderately wounded.
You feel sick.
You are no longer poisoned.
The adder bites you.
* * * LOW HITPOINT WARNING * * *
You are lethally poisoned!
The adder poisons you! The adder barely misses you.
Casting: Slow (safe; 21% risk of failure)
Confirm with . or Enter, or press ? or * to list all spells.
Aiming: Slow (safe; 21% risk of failure)
Press: ? - help, Shift-Dir - straight line, f/p - adder
Aim: an adder (moderately wounded, chance to affect: 44%)
The adder seems to slow down.
* * * LOW HITPOINT WARNING * * *
You feel sick.
* * * LOW HITPOINT WARNING * * *
You feel sick.
The adder is no longer moving slowly.
Your magical contamination has completely faded away.
* * * LOW HITPOINT WARNING * * *
You feel sick.
You die...

#.#......# #.#.....#
#.#.....# #.#.<...# #
#.#.....#.. #.
##...........
#####.#####
##..#....<#...
#.......S.###..##.....#
..
#.........@....##..####
. #.........###.###.##
#.........# #.# #.#
#.............# ..#
#.............# .##
#...............#
#.>.............#
#####.........##
#.........#


You could see an adder.

Vanquished Creatures
  A dart slug (D:1)
  An endoplasm (D:1)
  4 bats (D:1)
  3 frilled lizards (D:1)
  3 rats (D:1)
12 creatures vanquished.

Notes
Turn   | Place    | Note
-------+----------+-------------------------------------------
     0 | D:1      | Eitelfritz the Demonspawn Hedge Wizard began the quest for
                  | the Orb.
     0 | D:1      | Reached XP level 1. HP: 13/13 MP: 4/4
    43 | D:1      | Found a faded altar of an unknown god.
   174 | D:1      | Learned a level 1 spell: Slow
   187 | D:1      | Upgraded the game from 0.31.0 to 0.31.0-1-g2c135a008e
   400 | D:1      | Gained mutation: Your movements are slightly less
                  | encumbered by armour. (ER -2) [demonic ancestry]
   400 | D:1      | Reached XP level 2. HP: 18/19 MP: 6/6
   620 | D:1      | Learned a level 2 spell: Call Imp
   623 | D:1      | Learned a level 2 spell: Blink
   625 | D:1      | Learned a level 1 spell: Kiss of Death
   660 | D:2      | Succumbed to an adder's poison

Illustrated notes

Levels and vault maps discovered:
D:1:      wander_arrival_estate, layout_basic, chequers_ecumenical_altar_island,
          chequers_serial_rivers_large_a
D:2:      layout_rooms, uniq_crazy_yiuf_cottage, uniq_jessica, uniq_sigmund

Action                     || total
---------------------------++-------
  Melee: Dagger            ||    54
         Punch             ||     1
   Cast: Slow              ||     4
         Magic Dart        ||     1
   Stab: Sleeping          ||     4
 Armour: Robe              ||    35
  Dodge: Dodged            ||    44
